 Dungeon Crawl Stone Soup version 0.30.1-11-g7821555f0a (webtiles) character file.

Game seed: 13312519086540579433

88 bnorton916 the Magician (level 4, -2/24 HPs)
             Began as a Deep Elf Fire Elementalist on Dec 3, 2023.
             Slain by an orc wizard
             ... wielding a +0 dagger
              (3 damage)
             ... on level 3 of the Dungeon.
             The game lasted 00:02:29 (2266 turns).

bnorton916 the Magician (DEFE)                      Turns: 2266, Time: 00:02:30

Health: -2/24      AC:  5    Str:  4 (5)  XL:     4   Next: 30%
Magic:  8/12       EV: 12    Int: 20 (22) God:
Gold:   85         SH:  0    Dex: 15      Spells: 8/11 levels left

rFire   . . .        (no weapon)
rCold   . . .        (no shield)
rNeg    + . .        a - +0 robe
rPois   .            (no helmet)
rElec   .            c - +2 cloak
rCorr   .            (no gloves)
SInv    .            (no boots)
Will    .....        (no amulet)
Stlth   +            f - ring of positive energy
HPRegen 0.24/turn    (no ring)
MPRegen 0.13/turn

%: no passive effects
@: confused
A: no striking features
a: no special abilities


You were on level 3 of the Dungeon.
You visited 1 branch of the dungeon, and saw 4 of its levels.

You collected 85 gold pieces.

Inventory:

Armour
 a - a +0 robe (worn)
 c - a +2 cloak (worn)
Jewellery
 f - a ring of positive energy (left hand)
Scrolls
 d - a scroll of identify {unknown}
 g - a scroll of enchant weapon {unknown}
 h - a scroll of magic mapping {unknown}
 i - a scroll of fog {unknown}
Potions
 b - a potion of magic


   Skills:
 - Level 2.4 Dodging
 - Level 2.4 Stealth
 + Level 4.3 Spellcasting
 + Level 2.7 Conjurations
 + Level 4.2 Fire Magic


You had 8 spell levels left.
You knew the following spells:

 Your Spells              Type           Power      Damage    Failure   Level
a - Foxfire               Conj/Fire      72%        2x1d7     3%          1
b - Scorch                Fire           42%        2d7       3%          2

Your spell library contained the following spells:

 Spells                   Type           Power      Damage    Failure   Level
 Inner Flame              Hex/Fire       12%        N/A       16%         3
 Volatile Blastmotes      Fire/Tloc      24%        2d12      16%         3
 Flame Wave               Conj/Fire      18%        2d7       28%         4


Dungeon Overview and Level Annotations

Branches:
Dungeon (4/15)
 Temple: D:4-7

Altars:
Yredelemnul

Annotations:
D:4 Sigmund


Message History

You conjure some foxfire!
The orc hits you with a +0 club. The orc hits you with a +0 dagger.
The foxfire hits the orc.
The orc is heavily wounded.
The foxfire hits the orc.
You kill the orc!
The orc barely misses you.
Casting: Foxfire (safe; 3% risk of failure)
Confirm with . or Enter, or press ? or * to list all spells.
You conjure some foxfire!
The foxfire hits the orc wizard.
The orc wizard is moderately wounded.
Casting: Foxfire (safe; 3% risk of failure)
Confirm with . or Enter, or press ? or * to list all spells.
You conjure some foxfire!
The orc wizard barely misses you.
The foxfire hits the orc.
The orc is severely wounded.
The foxfire hits the orc.
The orc is almost dead.
The orc wizard gestures at you while chanting.
You are confused.
Unknown command.
You miss the orc wizard.
The orc wizard is moderately wounded.
The orc barely misses you. The orc wizard casts a spell at you.
The magic dart hits you.
You closely miss the orc wizard.
The orc wizard is moderately wounded.
The orc wizard casts a spell at you. The magic dart hits you!
* * * LOW HITPOINT WARNING * * *
The orc hits you with a +0 club.
* * * LOW HITPOINT WARNING * * *
You're too confused to move!
The orc wizard barely misses you. The orc closely misses you.
Unknown command.
The orc wizard attacks as you move away!
The orc wizard hits you with a +0 dagger.
You die...

...# ##.# ...# #### # ## .#
.######...########
...............o@#.#..
.#############.o.....[.# ......#
#.....)#.#.....# ..###.#
#......#.#.....# #.....#
#......#.#.....#
#####.###.....o#.#..#+##
#..........#.#..#.#
#####.##.......#.#....#
......###......#.#....###########


You could see an orc wizard and an orc.

Vanquished Creatures
  A jelly (D:3)
  2 adders (D:3)
  A dart slug (D:3)
  3 orcs
  3 bats
  6 endoplasms
  3 goblins
  4 hobgoblins
  4 kobolds
  A quokka (D:1)
  3 ball pythons
  4 rats
35 creatures vanquished.

Vanquished Creatures (collateral kills)
  A foxfire (D:3)
1 creature vanquished.

Vanquished Creatures (others)
  135 foxfires
135 creatures vanquished.

Grand Total: 171 creatures vanquished

Notes
Turn   | Place    | Note
-------+----------+-------------------------------------------
     0 | D:1      | bnorton916 the Deep Elf Fire Elementalist began the quest
                  | for the Orb.
     0 | D:1      | Reached XP level 1. HP: 10/10 MP: 6/6
   414 | D:1      | Reached XP level 2. HP: 15/15 MP: 2/8
  1290 | D:2      | You fall into a shaft and drop 1 floor!
  1290 | D:3      | Found a basalt altar of Yredelemnul.
  1393 | D:3      | Reached XP level 3. HP: 19/19 MP: 7/10
  1396 | D:3      | Learned a level 2 spell: Scorch
  2000 | D:4      | Noticed Sigmund
  2021 | D:3      | Reached XP level 4. HP: 6/24 MP: 0/12
  2231 | D:3      | Noticed an ogre
  2264 | D:3      | HP: 1/24 [orc/+0 club (1)]
  2266 | D:3      | Slain by an orc wizard

Illustrated notes

Levels and vault maps discovered:
D:1:      lemuel_arrival_cross, layout_loops_ring, st_stairs_13, glass_columns_a
D:2:      layout_rooms, hex_intersection, chequers_serial_rivers_micro_c,
          columned_hall_lemuel
D:3:      layout_basic, mainiacjoe_overflow_cross_hatched
D:4:      layout_rooms, uniq_sigmund, uniq_blork_the_orc

Skill      XL: |  1  2  3 |
---------------+----------+-----
Conjurations   | 2 |  2.7
Spellcasting   | 4 |  4.3
Fire Magic     | 4 |  4.2
Dodging        | |  2.4
Stealth        | |  2.4

Action                     |  1- 3 |  4- 6 || total
---------------------------+-------+-------++-------
  Melee: Unarmed           |     1 |     2 ||     3
         Punch             |     1 |       ||     1
   Cast: Foxfire           |    85 |     6 ||    91
         Scorch            |     6 |       ||     6
    Use: Potion            |     1 |       ||     1
 Armour: Robe              |    11 |     1 ||    12
  Dodge: Dodged            |    21 |     7 ||    28
